 Dungeon Crawl Stone Soup version 0.31.0-1-g2c135a008e (webtiles) character file.

Game seed: 12966797488365552203

537 qw the Shooter (level 7, -7/52 HPs)
             Began as a Djinni Hunter on Jan 23, 2024.
             Mangled by a troll (12 damage)
             ... on level 5 of the Dungeon.
             The game lasted 00:00:15 (3460 turns).

qw the Shooter (Djinni Hunter)                      Turns: 3460, Time: 00:00:16

Health: -7/52      AC:  5    Str: 10    XL:     7   Next: 50%
Gold:   50         EV: 11    Int: 10    God:
                   SH:  0    Dex: 19

rFire   + + .        a - +1 shortbow
rCold   x x .        (shield currently unavailable)
rNeg    . . .        h - +0 ring mail
rPois   inf          (no helmet)
rElec   .            (no cloak)
rCorr   .            (no gloves)
SInv    +            (boots unavailable)
Will    .....        (no amulet)
Stlth   ++           d - ring of Ozai {Wiz +Blink rC- SInv Stlth+}
HPRegen 0.28/turn    (no ring)
MPRegen 0.00/turn

%: wizardry (x1), infuse magic (-8 HP)
@: flying
A: sickness immunity, fire resistance 2, cold vulnerability 1, float, innate
caster, HP casting, extra vitality 1
a: Evoke Blink


You were on level 5 of the Dungeon.
You visited 1 branch of the dungeon, and saw 5 of its levels.

You collected 270 gold pieces.
You spent 220 gold pieces at shops.


Innate Abilities, Weirdness & Mutations

You are immune to sickness and miasma.
You are immune to poison.
Your flesh is very heat resistant. (rF++)
You are vulnerable to cold. (rC-)
You float through the air rather than walking.
You learn spells naturally, not from books.
Your magical power is your life essence.
You have superior vitality. (+4 MHP)


   Skills:
 - Level 4.2 Fighting
 + Level 5.8 Ranged Weapons
 - Level 1.3 Armour
 - Level 3.2 Dodging
 - Level 0.7 Stealth


You knew the following spells:

 Your Spells              Type           Power      Damage    Failure   Level
a - Apportation           Tloc           0%         N/A       34%         1
b - Mercury Vapours       Alch/Air       0%         N/A       47%         2
c - Static Discharge      Conj/Air       0%         3-3/arc   47%         2
Your spell library was empty.

Inventory:

Hand Weapons
 a - a +1 shortbow (weapon)
Armour
 h - a +0 ring mail (worn)
Jewellery
 d - the ring of Ozai (left hand) {Wiz +Blink rC- SInv Stlth+}
   (You found it on level 4 of the Dungeon)

   [ring of wizardry]

   Wiz:       It improves your spell success rate.
   rC-:       It makes you vulnerable to cold.
   SInv:      It lets you see invisible.
   +Blink:    It lets you blink.
   Stlth+:    It makes you more stealthy.
 i - a ring of resist corrosion
Scrolls
 e - a scroll of identify
 f - a scroll of poison {unknown}
Potions
 b - a potion of enlightenment
 g - 2 potions of curing

Dungeon Overview and Level Annotations

Branches:
Dungeon (5/15)
 Temple: D:4-7

Altars:
Ashenzari

Shops:
D:1 =   D:5 =


Message History

The adder barely misses you. The adder bites you.
You shoot an arrow. The arrow barely misses the adder.
The adder bites you.
You shoot an arrow. The arrow barely misses the adder.
The adder bites you but does no damage. x2
You shoot an arrow. The arrow barely misses the adder.
The adder closely misses you.
You shoot an arrow. The arrow closely misses the adder.
The adder bites you. The adder bites you but does no damage.
You shoot an arrow. The arrow barely misses the adder.
The adder barely misses you. The adder bites you.
You shoot an arrow. The arrow hits the adder!
You kill the adder!
3422 ||| FLEEEEING.
You start resting.
HP restored.
You now have 50 gold pieces (gained 19).
As you open the door, it creaks loudly!
There is an open door here.
A troll comes into view.
You shoot an arrow. The arrow hits the troll.
The troll is lightly wounded.
You shoot an arrow. The arrow closely misses the troll.
You shoot an arrow. The arrow hits the troll!
The troll is moderately wounded.
The troll completely misses you. The troll claws you!
The troll closely misses you. x2; The troll claws you but does no damage. x2
You shoot an arrow. The arrow hits the troll.
The troll is moderately wounded.
The troll bites you. The troll closely misses you. x2
You shoot an arrow.
The arrow hits the troll but does no damage.
The troll is moderately wounded.
The troll bites you! The troll claws you but does no damage.
The troll claws you.
You shoot an arrow. The arrow closely misses the troll.
The troll closely misses you. x2; The troll claws you!
You shoot an arrow. The arrow barely misses the troll.
The troll bites you. The troll claws you. The troll claws you!
You die...

#.....#..<.#.#
#....###.##.#
#######.....#.##.#
######....##..##.#.##)##
#................#.....#
#.........##..>.....#..#
#.........########.##..#
#.....####.........##..#
#.....'@.#.##########..#
#.....##T#.# #........#
#.....# .#.# #.######.#
####### .#.# #.#......#
.#.####.#.###### .#
#....#.# .# #.####.# .#
#.# #.# #.# #.#


You could see a troll.

Vanquished Creatures
  Menkaure (D:4)
  An ice beast (D:5)
  Blork the orc (D:4)
  A bombardier beetle (D:4)
  2 hounds
  A sleepcap (D:5)
  3 gnolls (D:4)
  4 adders
  A ribbon worm (D:2)
  A dart slug (D:1)
  5 orcs (D:4)
  6 ball pythons
  4 endoplasms
  A giant cockroach (D:1)
  6 goblins
  4 hobgoblins
  8 jackals (D:2)
  3 quokkas
  4 bats
  4 frilled lizards
  9 kobolds
  8 rats
78 creatures vanquished.

Notes
Turn   | Place    | Note
-------+----------+-------------------------------------------
     0 | D:1      | qw the Djinni Hunter began the quest for the Orb.
     0 | D:1      | Reached XP level 1. HP: 18/18 MP: 0/0
     0 | D:1      | 0 ||| qw: Version: 0.3-a-132-g3d54051
     0 | D:1      | 0 ||| qw: Game counter: 606
     0 | D:1      | 0 ||| qw: Melee chars always use a shield: true
     0 | D:1      | 0 ||| qw: God list: Okawaru
     0 | D:1      | 0 ||| qw: Allow faded altars: false
     0 | D:1      | 0 ||| qw: Do Orc after clearing Dungeon:15 true
     0 | D:1      | 0 ||| qw: Do second Lair branch before Depths: true
     0 | D:1      | 0 ||| qw: Lair rune preference: random
     0 | D:1      | 0 ||| qw: Goals: Normal
     0 | D:1      | 0 ||| PLANNING D:1-11
    40 | D:1      | Found a faded altar of an unknown god.
   190 | D:1      | Reached XP level 2. HP: 23/23 MP: 0/0
   195 | D:1      | 195 ||| DROPPING scarf of harm.
   196 | D:1      | 196 ||| DROPPING scroll of butterflies.
   452 | D:1      | Reached XP level 3. HP: 26/28 MP: 0/0
   452 | D:1      | Learned a level 1 spell: Apportation
   507 | D:1      | Reached skill level 4 in Ranged Weapons
   564 | D:1      | 564 ||| UPGRADING to +0 ring mail.
   576 | D:1      | 576 ||| DROPPING +0 leather armour.
   650 | D:1      | Found Noedaz's Jewellery Emporium.
   654 | D:1      | 654 ||| SHOPLISTING +6 ring of strength (396 gold, have
                  | 64).
   654 | D:1      | 654 ||| SHOPLISTING amulet of the Peasants {RegenMP ^Drain
                  | rC+ rCorr} (484 gold, have 64).
   654 | D:1      | 654 ||| SHOPLISTING ring of Eternal Night {Fly Slay+3} (408
                  | gold, have 64).
   654 | D:1      | 654 ||| SHOPLISTING ring of protection from cold (275 gold,
                  | have 64).
   654 | D:1      | 654 ||| SHOPLISTING ring of resist corrosion (220 gold,
                  | have 64).
   884 | D:1      | 884 ||| READING scroll labelled HAILUORI EWURORIT.
   885 | D:1      | 885 ||| READING scroll labelled WYS WEORUCLIE.
   886 | D:1      | 886 ||| READING scroll labelled GEISIPP SIAXT.
  1051 | D:2      | 1051 ||| STAIRDANCE
  1054 | D:1      | Reached skill level 1 in Armour
  1063 | D:2      | 1063 ||| STAIRDANCE
  1123 | D:2      | Reached XP level 4. HP: 24/34 MP: 0/0
  1123 | D:2      | 1123 ||| STAIRDANCE
  1221 | D:2      | 1221 ||| FLEEEEING.
  1365 | D:2      | Reached skill level 3 in Fighting
  1561 | D:2      | 1561 ||| READING scroll labelled ISOASM XERHA.
  1562 | D:2      | 1562 ||| READING 3 scrolls labelled HUIKUXKEFIR.
  1562 | D:2      | 1562 ||| IDENTIFYING green potion
  1563 | D:2      | 1563 ||| READING 2 scrolls of identify.
  1563 | D:2      | 1563 ||| IDENTIFYING grey potion
  1564 | D:2      | 1564 ||| READING scroll of identify.
  1564 | D:2      | 1564 ||| IDENTIFYING white potion
  1565 | D:2      | 1565 ||| READING scroll labelled BAWKUI QYLUPTI.
  1566 | D:2      | 1566 ||| FLEEEEING.
  1568 | D:2      | 1568 ||| READING scroll labelled DEUCLUTO NAYVU.
  1568 | D:2      | 1568 ||| ENCHANTING +0 shortbow.
  1569 | D:2      | 1569 ||| DRINKING 2 fuming grey potions.
  1570 | D:2      | 1570 ||| DROPPING potion of lignification.
  1571 | D:2      | 1571 ||| DROPPING potion of brilliance.
  1814 | D:3      | Found a broken altar of Ashenzari.
  1985 | D:3      | 1985 ||| READING scroll of identify.
  1985 | D:3      | 1985 ||| IDENTIFYING dark potion
  2032 | D:4      | 2032 ||| RETREEEEATING.
  2033 | D:4      | 2033 ||| RETREEEEATING.
  2041 | D:4      | Reached XP level 5. HP: 25/40 MP: 0/0
  2041 | D:4      | Learned a level 2 spell: Mercury Vapours
  2047 | D:4      | HP: 10/40 [burnt (1)]
  2048 | D:4      | 2048 ||| READING 2 scrolls of teleportation.
  2049 | D:4      | 2049 ||| DRINKING potion of heal wounds.
  2052 | D:4      | 2052 ||| FLEEEEING.
  2058 | D:4      | 2058 ||| FLEEEEING.
  2059 | D:4      | 2059 ||| FLEEEEING.
  2060 | D:4      | 2060 ||| FLEEEEING.
  2061 | D:4      | 2061 ||| FLEEEEING.
  2062 | D:4      | 2062 ||| FLEEEEING.
  2063 | D:4      | 2063 ||| FLEEEEING.
  2066 | D:4      | 2066 ||| FLEEEEING.
  2067 | D:4      | 2067 ||| FLEEEEING.
  2068 | D:4      | 2068 ||| FLEEEEING.
  2069 | D:4      | 2069 ||| FLEEEEING.
  2070 | D:4      | 2070 ||| FLEEEEING.
  2071 | D:4      | 2071 ||| FLEEEEING.
  2098 | D:4      | Identified the ring of Ozai {Wiz +Blink rC- SInv Stlth+}
  2171 | D:4      | HP: 10/40 [gnoll/+0 club (2)]
  2172 | D:4      | 2172 ||| READING scroll of teleportation.
  2313 | D:4      | Noticed Menkaure
  2322 | D:4      | Killed Menkaure
  2323 | D:4      | Reached skill level 5 in Ranged Weapons
  2323 | D:4      | Reached XP level 6. HP: 35/46 MP: 0/0
  2323 | D:4      | 2323 ||| FLEEEEING.
  2328 | D:4      | 2328 ||| STAIRDANCE
  2362 | D:3      | 2362 ||| UPGRADING to ring of Ozai {Wiz +Blink rC- SInv
                  | Stlth+}.
  2515 | D:4      | Noticed Blork the orc
  2526 | D:4      | Killed Blork the orc
  2527 | D:4      | Reached skill level 3 in Dodging
  2527 | D:4      | 2527 ||| FLEEEEING.
  2840 | D:4      | Reached XP level 7. HP: 50/50 MP: 0/0
  2840 | D:4      | Learned a level 2 spell: Static Discharge
  2910 | D:5      | Entered Level 5 of the Dungeon
  2925 | D:5      | 2925 ||| STAIRDANCE
  2927 | D:4      | 2927 ||| FLEEEEING.
  2933 | D:4      | 2933 ||| STAIRDANCE
  3100 | D:5      | Found Ciregith's Jewellery Shop.
  3106 | D:5      | 3106 ||| SHOPLISTING +4 ring of protection (396 gold, have
                  | 243).
  3106 | D:5      | 3106 ||| SHOPLISTING +5 ring of evasion (396 gold, have
                  | 243).
  3106 | D:5      | 3106 ||| SHOPLISTING +6 ring of strength (396 gold, have
                  | 243).
  3106 | D:5      | 3106 ||| SHOPLISTING amulet of regeneration (330 gold, have
                  | 243).
  3106 | D:5      | 3106 ||| BUYING ring of resist corrosion (220 gold).
  3106 | D:5      | Bought a ring of resist corrosion for 220 gold pieces
  3183 | D:5      | 3183 ||| RETREEEEATING.
  3184 | D:5      | 3184 ||| RETREEEEATING.
  3188 | D:5      | 3188 ||| RETREEEEATING.
  3189 | D:5      | 3189 ||| RETREEEEATING.
  3190 | D:5      | 3190 ||| RETREEEEATING.
  3197 | D:5      | HP: 3/52 [ice beast (13)]
  3198 | D:5      | 3198 ||| READING scroll of teleportation.
  3422 | D:5      | 3422 ||| FLEEEEING.
  3453 | D:5      | Noticed a troll
  3460 | D:5      | HP: 11/52 [troll (6)]
  3460 | D:5      | HP: 5/52 [troll (6)]
  3460 | D:5      | Mangled by a troll

Levels and vault maps discovered:
D:1:      dpeg_arrival_more_subterranean_lakeside_camping, layout_basic,
          chequers_ecumenical_altar_simple, serial_shops,
          nicolae_shop_back_alley_shop, minmay_tetromino_l4
D:2:      layout_rooms
D:3:      layout_rooms, mainiacjoe_overflow_small_starburst
D:4:      layout_loops_ring, uniq_blork_the_orc, uniq_menkaure
D:5:      layout_basic, serial_shops, nicolae_shop_gaudy_bauble, uniq_ijyb

Skill      XL: |  1  2  3  4  5  6  7 |
---------------+----------------------+-----
Ranged Weapons | 4 5 |  5.8
Armour         | 1 |  1.3
Fighting       | 3 4 |  4.2
Dodging        | 3 |  3.2
Stealth        | |  0.7

Action                     |  1- 3 |  4- 6 |  7- 9 || total
---------------------------+-------+-------+-------++-------
   Fire: Shortbow          |    80 |   158 |    49 ||   287
    Use: Scroll            |     3 |     9 |     1 ||    13
         Potion            |       |     2 |       ||     2
 Armour: Leather armour    |    17 |       |       ||    17
         Ring mail         |    18 |    75 |    48 ||   141
  Dodge: Dodged            |    42 |    65 |    34 ||   141

Table legend:
 A = Non-vault XP
 B = Vault XP
 C = Vault XP percentage of total XP
 D = Non-vault monster count
 E = Vault monster count
 F = Vault count percentage of total count
                 A         B        C        D         E       F
            +---------+---------+-------+---------+---------+-------
      Total |     510 |     258 |  33.6 |      74 |       4 |   5.1
            +---------+---------+-------+---------+---------+-------
        D:1 |      64 |       4 |   5.9 |      27 |       2 |   6.9
        D:2 |      45 |       0 |   0.0 |      23 |       0 |   0.0
        D:3 |      19 |       0 |   0.0 |       5 |       0 |   0.0
        D:4 |     148 |     254 |  63.2 |      15 |       2 |  11.8
        D:5 |     234 |       0 |   0.0 |       4 |       0 |   0.0
            +---------+---------+-------+---------+---------+-------
